TOP OF THE 1ST |
Columbia Fireflies batting - Pitching for Jacksonville Suns : RHP Carlos Guerrero
|
Pitching: RHP Carlos Guerrero
|
|
Batting: SHB Detlef Oursler
|
0-0: Foul Ball, location: 2F 0-1: Fly out, F8 (Flyball, 8LM, EV 88.8 MPH)
|
Batting: RHB Oscar Bravo
|
0-0: Ball 1-0: DOUBLE (Line Drive, 5D, EV 95.6 MPH)
|
Batting: LHB Bayesa Mundhir
|
0-0: Called Strike Oscar Bravo is caught stealing 3rd base 2-5 0-1: Ball 1-1: Foul Ball, location: 2F 1-2: Foul Ball, location: 2F 1-2: Foul Ball, location: 2F 1-2: Ball 2-2: Strikes out swinging
|
Top of the 1st over - 0 runs, 1 hit, 0 errors, 0 left on base; Columbia 0 - Jacksonville 0 |
BOTTOM OF THE 1ST |
Jacksonville Suns batting - Pitching for Columbia Fireflies : LHP Jordan Ruiz
|
Pitching: LHP Jordan Ruiz
|
|
Batting: LHB Orlando Rivera
|
0-0: Called Strike 0-1: Foul Ball, location: 2F 0-2: Ball 1-2: Ball 2-2: Ball 3-2: Ground out 4-3 (Groundball, 34, EV 78.1 MPH)
|
Batting: RHB Reomel Somera
|
0-0: SINGLE (Line Drive, 4D, EV 95.0 MPH)
|
Batting: RHB Jack Power
|
0-0: Ball 1-0: Grounds into double play, 3-6-3 (Groundball, 3, EV 101.2 MPH)
|
Bottom of the 1st over - 0 runs, 1 hit, 0 errors, 0 left on base; Columbia 0 - Jacksonville 0 |
TOP OF THE 2ND |
Columbia Fireflies batting - Pitching for Jacksonville Suns : RHP Carlos Guerrero
|
Batting: LHB Tony Leyba
|
0-0: Ball 1-0: Foul Ball, location: 2F 1-1: Ball 2-1: Ball 3-1: Foul Ball, location: 2F 3-2: Base on Balls
|
Batting: LHB Miguel Ramos
|
0-0: Ball 1-0: Called Strike 1-1: Foul Ball, location: 2F 1-2: Strikes out swinging
|
Batting: RHB Larry Shoop
|
0-0: Ball Pickoff Throw by Catcher to First - Out! 1-0: Swinging Strike 1-1: Ball 2-1: Ball 3-1: DOUBLE (Flyball, 89XD, EV 111.9 MPH)
|
Batting: RHB Gary Hills
|
0-0: Called Strike 0-1: Called Strike 0-2: Foul Ball, location: 2F 0-2: DOUBLE (Groundball, 5L, EV 100.6 MPH) Larry Shoop scores
|
Batting: RHB Reginald McDougall
|
0-0: Ball 1-0: Ball 2-0: Ball 3-0: Called Strike 3-1: SINGLE (Line Drive, 6M, EV 100.6 MPH) Gary Hills to third
|
Batting: RHB David Reyna
|
0-0: Swinging Strike 0-1: Ball 1-1: Swinging Strike 1-2: Ball 2-2: Strikes out looking
|
Top of the 2nd over - 1 run, 3 hits, 0 errors, 2 left on base; Columbia 1 - Jacksonville 0 |
BOTTOM OF THE 2ND |
Jacksonville Suns batting - Pitching for Columbia Fireflies : LHP Jordan Ruiz
|
Batting: RHB Torquato Obawole
|
0-0: Fly out, F9 (Flyball, 89S, EV 75.0 MPH)
|
Batting: RHB Len Graham
|
0-0: Foul Ball, location: 2F 0-1: Called Strike 0-2: Ball 1-2: Foul Ball, location: 2F 1-2: Ball 2-2: Ball 3-2: Ground out 4-3 (Groundball, 4M, EV 91.2 MPH)
|
Batting: RHB Larry LeFever
|
0-0: Ball 1-0: Ball 2-0: Ball 3-0: Called Strike 3-1: Base on Balls
|
Batting: RHB Chris Alft
|
0-0: Called Strike 0-1: Foul Ball, location: 2F 0-2: Strikes out swinging
|
Bottom of the 2nd over - 0 runs, 0 hits, 0 errors, 1 left on base; Columbia 1 - Jacksonville 0 |
TOP OF THE 3RD |
Columbia Fireflies batting - Pitching for Jacksonville Suns : RHP Carlos Guerrero
|
Batting: SHB Detlef Oursler
|
0-0: Ball 1-0: Ball 2-0: Ground out 6-3 (Groundball, 6S, EV 77.5 MPH)
|
Batting: RHB Oscar Bravo
|
0-0: Ball 1-0: Foul Ball, location: 2F 1-1: SINGLE (Flyball, 6D, EV 87.5 MPH)
|
Batting: LHB Bayesa Mundhir
|
0-0: Called Strike 0-1: Called Strike 0-2: SINGLE (Line Drive, 8LS, EV 94.4 MPH) Oscar Bravo to second
|
Batting: LHB Tony Leyba
|
0-0: Called Strike 0-1: Called Strike 0-2: Foul Ball, location: 2F 0-2: Ball 1-2: Ball 2-2: Strikes out looking
|
Batting: LHB Miguel Ramos
|
0-0: Called Strike 0-1: SINGLE (Line Drive, 5L, EV 98.1 MPH) Oscar Bravo to third Bayesa Mundhir to second Runner from 3rd tries for Home, SAFE, throw by LF to home
|
Batting: RHB Larry Shoop
|
0-0: Foul Ball, location: 2F 0-1: Ball 1-1: Ball 2-1: Called Strike 2-2: Ground out 3-1 (Groundball, 34, EV 105.0 MPH)
|
Top of the 3rd over - 1 run, 3 hits, 0 errors, 2 left on base; Columbia 2 - Jacksonville 0 |
BOTTOM OF THE 3RD |
Jacksonville Suns batting - Pitching for Columbia Fireflies : LHP Jordan Ruiz
|
Batting: LHB Matt McKeon
|
0-0: Called Strike 0-1: Called Strike 0-2: Ball 1-2: Fly out, F9 (Flyball, 9D, EV 85.0 MPH)
|
Batting: LHB Emilio Cordero
|
0-0: Ball 1-0: Ground out U3 (Groundball, 34, EV 85.6 MPH)
|
Batting: LHB Orlando Rivera
|
0-0: Ground out 4-3 (Groundball, 4, EV 99.4 MPH)
|
Bottom of the 3rd over - 0 runs, 0 hits, 0 errors, 0 left on base; Columbia 2 - Jacksonville 0 |
TOP OF THE 4TH |
Columbia Fireflies batting - Pitching for Jacksonville Suns : RHP Carlos Guerrero
|
Batting: RHB Gary Hills
|
0-0: Ball 1-0: Called Strike 1-1: Called Strike 1-2: Ball 2-2: Ground out U3 (Groundball, 3L, EV 79.4 MPH)
|
Batting: RHB Reginald McDougall
|
0-0: Called Strike 0-1: Called Strike 0-2: Strikes out swinging
|
Batting: RHB David Reyna
|
0-0: Called Strike 0-1: Ball 1-1: Called Strike 1-2: Foul Ball, location: 2F 1-2: Strikes out swinging
|
Top of the 4th over - 0 runs, 0 hits, 0 errors, 0 left on base; Columbia 2 - Jacksonville 0 |
BOTTOM OF THE 4TH |
Jacksonville Suns batting - Pitching for Columbia Fireflies : LHP Jordan Ruiz
|
Batting: RHB Reomel Somera
|
0-0: Called Strike 0-1: Ball 1-1: Ball 2-1: Ball 3-1: Called Strike 3-2: DOUBLE (Flyball, 89D, EV 96.9 MPH)
|
Batting: RHB Jack Power
|
0-0: Called Strike 0-1: Ground out U3 (Groundball, 3, EV 80.6 MPH) Reomel Somera to third
|
Batting: RHB Torquato Obawole
|
0-0: Ball 1-0: Called Strike 1-1: Ground out 1-3 (Groundball, 34S, EV 70.0 MPH)
|
Batting: RHB Len Graham
|
0-0: Fly out, F9 (Flyball, 9, EV 95.0 MPH)
|
Bottom of the 4th over - 0 runs, 1 hit, 0 errors, 1 left on base; Columbia 2 - Jacksonville 0 |
TOP OF THE 5TH |
Columbia Fireflies batting - Pitching for Jacksonville Suns : RHP Carlos Guerrero
|
Batting: SHB Detlef Oursler
|
0-0: Ball 1-0: Ball 2-0: Ball 3-0: Called Strike 3-1: Called Strike 3-2: Strikes out looking
|
Pitching: RHP Dan Durand
|
|
Batting: RHB Oscar Bravo
|
0-0: Called Strike 0-1: Ball 1-1: Fly out, F4 (Popup, 23, EV 93.8 MPH)
|
Batting: LHB Bayesa Mundhir
|
0-0: Ball 1-0: Ball 2-0: Called Strike 2-1: Foul Ball, location: 2F 2-2: Ball 3-2: Fly out, F8 (Flyball, 8RD, EV 101.2 MPH)
|
Top of the 5th over - 0 runs, 0 hits, 0 errors, 0 left on base; Columbia 2 - Jacksonville 0 |
BOTTOM OF THE 5TH |
Jacksonville Suns batting - Pitching for Columbia Fireflies : LHP Jordan Ruiz
|
Batting: RHB Larry LeFever
|
0-0: Ball 1-0: Called Strike 1-1: Ball 2-1: Ball 3-1: Base on Balls
|
Batting: RHB Chris Alft
|
0-0: Called Strike 0-1: Foul Ball, location: 2F 0-2: Ball 1-2: 2-RUN HOME RUN (Flyball, 78XD, EV 104.4 MPH), Distance : 425 ft
|
Batting: LHB Matt McKeon
|
0-0: Foul Ball, location: 2F 0-1: Foul Ball, location: 2F 0-2: Ball 1-2: Strikes out looking
|
Batting: LHB Emilio Cordero
|
0-0: Ball 1-0: Foul Ball, location: 2F 1-1: Foul Ball, location: 2F 1-2: Foul Ball, location: 2F 1-2: Ball 2-2: Foul Ball, location: 2F 2-2: Ball 3-2: Ground out 1-3 (Groundball, 13S, EV 61.9 MPH)
|
Batting: LHB Orlando Rivera
|
0-0: Called Strike 0-1: Called Strike 0-2: Strikes out swinging
|
Bottom of the 5th over - 2 runs, 1 hit, 0 errors, 0 left on base; Columbia 2 - Jacksonville 2 |
TOP OF THE 6TH |
Columbia Fireflies batting - Pitching for Jacksonville Suns : RHP Dan Durand
|
Batting: LHB Tony Leyba
|
0-0: Foul Ball, location: 2F 0-1: Foul Ball, location: 2F 0-2: Ball 1-2: Fly out, F9 (Line Drive, 89M, EV 103.1 MPH)
|
Batting: LHB Miguel Ramos
|
0-0: Called Strike 0-1: Foul Ball, location: 2F 0-2: Strikes out looking
|
Batting: RHB Larry Shoop
|
0-0: Ball 1-0: SINGLE (Groundball, 56, EV 103.8 MPH) (infield hit)
|
Pitching: LHP Will Sledge
|
|
Batting: RHB Gary Hills
|
0-0: Swinging Strike 0-1: Ball Wild Pitch! Larry Shoop to second 1-1: Ball 2-1: Ball 3-1: Base on Balls
|
Batting: RHB Reginald McDougall
|
0-0: Called Strike 0-1: Foul Ball, location: 2F 0-2: SINGLE (Groundball, 4M, EV 103.1 MPH) (infield hit) Larry Shoop to third Gary Hills to second
|
Batting: RHB David Reyna
|
0-0: Ball 1-0: Ball 2-0: Ball 3-0: Base on Balls Larry Shoop scores Gary Hills to third Reginald McDougall to second
|
Batting: SHB Detlef Oursler
|
0-0: Ball 1-0: Ball 2-0: Ball 3-0: Called Strike 3-1: Base on Balls Gary Hills scores Reginald McDougall to third David Reyna to second
|
Batting: RHB Oscar Bravo
|
0-0: Foul Ball, location: 2F 0-1: GRAND SLAM HOME RUN (Flyball, 78XD, EV 101.9 MPH), Distance : 412 ft
|
Pitching: RHP Alberto Negrete
|
|
Batting: LHB Bayesa Mundhir
|
0-0: Ball 1-0: Swinging Strike 1-1: Foul Ball, location: 2F 1-2: Ball 2-2: Ball 3-2: Base on Balls
|
Batting: LHB Tony Leyba
|
0-0: Ball 1-0: Swinging Strike 1-1: SINGLE (Groundball, 6MD, EV 98.1 MPH) Bayesa Mundhir to second
|
Batting: LHB Miguel Ramos
|
0-0: Ground out 5-3 (Groundball, 6S, EV 65.6 MPH)
|
Top of the 6th over - 6 runs, 4 hits, 0 errors, 2 left on base; Columbia 8 - Jacksonville 2 |
BOTTOM OF THE 6TH |
Jacksonville Suns batting - Pitching for Columbia Fireflies : LHP Jordan Ruiz
|
Batting: RHB Reomel Somera
|
0-0: Ground out 4-3 (Groundball, 4, EV 105.6 MPH)
|
Batting: RHB Jack Power
|
0-0: Ground out 6-3 (Groundball, 6S, EV 66.9 MPH)
|
Batting: RHB Torquato Obawole
|
0-0: Foul Ball, location: 2F 0-1: Ground out 4-3 (Groundball, 4, EV 82.5 MPH)
|
Bottom of the 6th over - 0 runs, 0 hits, 0 errors, 0 left on base; Columbia 8 - Jacksonville 2 |
TOP OF THE 7TH |
Columbia Fireflies batting - Pitching for Jacksonville Suns : RHP Alberto Negrete
|
Batting: RHB Larry Shoop
|
0-0: Called Strike 0-1: Swinging Strike 0-2: Ball 1-2: Strikes out swinging
|
Batting: RHB Gary Hills
|
0-0: Called Strike 0-1: Swinging Strike 0-2: Ball 1-2: Strikes out looking
|
Batting: RHB Reginald McDougall
|
0-0: Foul Ball, location: 2F 0-1: Ball 1-1: Foul Ball, location: 2F 1-2: Ball 2-2: Foul Ball, location: 2F 2-2: Ground out 2-3 (Groundball, 2L, EV 73.1 MPH)
|
Top of the 7th over - 0 runs, 0 hits, 0 errors, 0 left on base; Columbia 8 - Jacksonville 2 |
BOTTOM OF THE 7TH |
Jacksonville Suns batting - Pitching for Columbia Fireflies : LHP Jordan Ruiz
|
Batting: RHB Len Graham
|
0-0: DOUBLE (Line Drive, 7LM, EV 103.8 MPH)
|
Batting: RHB Larry LeFever
|
0-0: Fly out, F8 (Flyball, 8RD, EV 94.4 MPH)
|
Batting: RHB Chris Alft
|
0-0: Called Strike 0-1: Ball 1-1: Ground out 6-3 (Groundball, 6D, EV 100.0 MPH)
|
Batting: LHB Matt McKeon
|
0-0: Fly out, F9 (Flyball, 9, EV 95.6 MPH)
|
Bottom of the 7th over - 0 runs, 1 hit, 0 errors, 1 left on base; Columbia 8 - Jacksonville 2 |
TOP OF THE 8TH |
Columbia Fireflies batting - Pitching for Jacksonville Suns : RHP Alberto Negrete
|
Pitching: RHP Cory Levine
|
|
Batting: RHB David Reyna
|
0-0: Called Strike 0-1: Ball 1-1: Called Strike 1-2: Foul Ball, location: 2F 1-2: Ball 2-2: Ball 3-2: Foul Ball, location: 2F 3-2: Base on Balls
|
Batting: SHB Detlef Oursler
|
0-0: Called Strike 0-1: Swinging Strike 0-2: Strikes out swinging
|
Batting: RHB Oscar Bravo
|
0-0: Ball 1-0: Ball 2-0: Called Strike 2-1: DOUBLE (Groundball, 5L, EV 106.9 MPH) David Reyna to third Runner from 3rd tries for Home, SAFE, throw by LF to home
|
Batting: LHB Bayesa Mundhir
|
0-0: Ball 1-0: Ball 2-0: SINGLE (Line Drive, 9LS, EV 90.6 MPH) Oscar Bravo to third
|
Batting: LHB Tony Leyba
|
0-0: Called Strike 0-1: Foul Ball, location: 2F 0-2: Ball 1-2: Strikes out swinging
|
Batting: LHB Miguel Ramos
|
0-0: Called Strike 0-1: Swinging Strike 0-2: Ball 1-2: Ball 2-2: Strikes out looking
|
Top of the 8th over - 1 run, 2 hits, 0 errors, 2 left on base; Columbia 9 - Jacksonville 2 |
BOTTOM OF THE 8TH |
Jacksonville Suns batting - Pitching for Columbia Fireflies : LHP Jordan Ruiz
|
Batting: RHB Akira Suzuki
|
0-0: Called Strike 0-1: Ground out 4-3 (Groundball, 34, EV 91.9 MPH)
|
Batting: LHB Orlando Rivera
|
0-0: Called Strike 0-1: Foul Ball, location: 2F 0-2: Strikes out swinging
|
Batting: RHB Reomel Somera
|
0-0: Swinging Strike 0-1: Ball 1-1: Foul Ball, location: 2F 1-2: Ball 2-2: Strikes out looking
|
Bottom of the 8th over - 0 runs, 0 hits, 0 errors, 0 left on base; Columbia 9 - Jacksonville 2 |
TOP OF THE 9TH |
Columbia Fireflies batting - Pitching for Jacksonville Suns : RHP Cory Levine
|
Batting: RHB Larry Shoop
|
0-0: Fly out, F8 (Flyball, 78D, EV 90.6 MPH)
|
Batting: RHB Gary Hills
|
0-0: Called Strike 0-1: Ground out 5-3 (Groundball, 56S, EV 68.8 MPH)
|
Batting: RHB Reginald McDougall
|
0-0: Ball 1-0: Foul Ball, location: 2F 1-1: Foul Ball, location: 2F 1-2: Foul Ball, location: 2F 1-2: Foul Ball, location: 2F 1-2: Ball 2-2: Ground out 4-3 (Groundball, 4, EV 86.9 MPH)
|
Top of the 9th over - 0 runs, 0 hits, 0 errors, 0 left on base; Columbia 9 - Jacksonville 2 |
BOTTOM OF THE 9TH |
Jacksonville Suns batting - Pitching for Columbia Fireflies : LHP Jordan Ruiz
|
Batting: RHB Jack Power
|
0-0: Ball 1-0: Foul Ball, location: 2F 1-1: Ball 2-1: Ball 3-1: SINGLE (Line Drive, 5D, EV 97.5 MPH)
|
Batting: RHB Torquato Obawole
|
0-0: Foul Ball, location: 2F 0-1: Ball 1-1: Ball 2-1: Grounds out, U3 (Groundball, 3L, EV 84.4 MPH)
|
Batting: RHB Len Graham
|
0-0: Foul Ball, location: 2F 0-1: Ball 1-1: Foul Ball, location: 2F 1-2: Ball 2-2: Ball 3-2: Base on Balls
|
Pitching: RHP Mike Mojica
|
|
Batting: RHB Larry LeFever
|
0-0: Foul Ball, location: 2F 0-1: Ball 1-1: Called Strike 1-2: Fly out, F6 (Line Drive, 6, EV 72.5 MPH) Lined into DP, 6-4 (Line Drive, 6, EV 73.1 MPH)
|
Bottom of the 9th over - 0 runs, 1 hit, 0 errors, 1 left on base; Columbia 9 - Jacksonville 2 |
|